Map: Cyber Forest LE

Players

Throwfordays - Winner!

  • Race: Protoss Protoss
  • League: Bronze
  • Spawn Location: 5:00

HahneBadger

  • Race: Protoss Protoss
  • League: Bronze
  • Spawn Location: 11:00

VOD

Have the link to the VOD?

Description

Time

  • Played on: Jan. 23, 2019, 9:12 p.m.
  • Length: 5:54
Show
View Real Time Build Order
Export as new Build Order

Throwfordays Protoss - Winner!

Build Orders:  

Get SALT Encoding   

  12  0:00  Probe  
  13  0:12  Probe  
  14  0:18  Pylon  
  14  0:24  Probe  
  15  0:37  Probe  
  15  0:42  Gateway  
  16  0:49  Probe  
  17  0:58  Assimilator  
  17  1:01  Probe  
  18  1:13  Probe  
  19  1:25  Probe  
  20  1:29  Cybernetics Core  
  20  1:30  Zealot  
  22  1:35  Warp Gate  
  22  1:37  Probe  
  23  1:51  Pylon  
  23  1:57  Pylon  
  23  2:11  Nexus  
  23  2:19  Gateway  
  23  2:24  Gateway  
  23  2:33  Assimilator  
  23  2:41  Gateway  
  23  2:55  Probe  
  24  3:08  Probe  
  25  3:20  Pylon, Probe  
  25  3:25  Forge, Probe  
  27  3:31  Stalker  
  29  3:38  Probe  
  30  3:42  Stalker  
  30  3:44  Probe  
  33  3:50  Probe  
  34  3:56  Probe  
  34  4:02  Probe  
  36  4:08  Probe  
  37  4:14  Probe  
  38  4:20  Probe  
  39  4:26  Stalker, Probe  
  42  4:32  Probe  
  42  4:37  Gateway  
  42  4:38  Probe  
  44  4:42  Stalker  
  44  4:44  Probe  
  47  4:50  Probe  
  48  4:53  Stalker x2  
  48  4:55  Stalker  
  48  4:56  Probe  
  55  5:02  Probe  
  56  5:08  Stalker  
  56  5:09  Probe  
  56  5:12  Pylon  
  57  5:30  Stalker x3  
  61  5:45  Stalker x2  
Show
View Real Time Build Order
Export as new Build Order

HahneBadger Protoss 

Build Orders:  

Get SALT Encoding   

  12  0:01  Probe  
  13  0:23  Probe  
  13  0:26  Pylon  
  14  0:32  Probe  
  14  0:40  Probe  
  16  0:50  Gateway  
  16  0:52  Probe  
  16  0:54  Assimilator  
  17  1:00  Probe  
  17  1:08  Probe  
  19  1:19  Probe  
  20  1:44  Cybernetics Core  
  20  1:51  Pylon  
  20  1:56  Nexus  
  20  1:59  Probe  
  21  2:08  Zealot, Probe  
  24  2:16  Probe  
  24  2:19  Assimilator  
  25  2:32  Warp Gate  
  25  2:37  Probe  
  26  2:50  Probe  
  27  2:52  Sentry  
  29  3:02  Probe  
  30  3:14  Probe  
  30  3:15  Gateway  
  30  3:17  Gateway  
  30  3:18  Shield Battery  
  31  3:26  Probe  
  32  3:27  Robotics Facility, Probe  
  33  3:35  Probe  
  34  3:42  Adept  
  34  3:44  Probe  
  37  3:56  Probe  
  38  4:08  Pylon, Probe  
  39  4:11  Pylon, Probe  
  40  4:20  Probe  
  40  4:23  Probe  
  42  4:33  Probe  
  42  4:35  Probe  
  44  4:47  Probe  
  45  4:56  Immortal  
  45  4:59  Probe  
  50  5:11  Stargate, Probe  
  50  5:13  Stargate  
  51  5:17  Adept x3  
  55  5:24  Probe  
  50  5:36  Probe  
Tags
 
Matchup
PvP
Replay Pack
Multiplayer
Spawn Locations
Cross Positions
Add a new tag
Caveats
  • Supply blocks, unpowered buildings, or Contaminate may cause inaccurate times.
  • Supply counts are checked every 10 seconds.